Cogmind - Beta 11 X10 @@@ ROGUE MODE // 2022.02.07 @ 11:48:44 Player: gammafunk Result: Destroyed by as-82063 with Assembled Heavy Rifle Performance ------------- Evolutions (0) 0 Regions Visited (2) 400 Robots Destroyed (26) 130 Value Destroyed (494) 494 Prototype IDs (2) 40 Alien Tech Used (0) 0 Bonus (0) 0 TOTAL SCORE: 1064 Bonus ------- None Cogmind --------- Core Integrity 0/250 Matter 241/300 Energy 100/100 System Corruption 0% Temperature Cool (0) Movement Core (350) Ox6 Location -10/Mines Parts ------- > --- POWER (1) -------- (None) > --- PROPULSION (2) --- (None) > --- UTILITY (2) ------ Large Storage Unit > --- WEAPON (2) ------- (None) > --- INVENTORY (15) --- Light Ion Engine Light Treads Light Treads Light Treads High-capacity Storage Unit Huge Storage Unit Light Assault Rifle Light Assault Rifle Autogun Grenade Launcher Mining Claw Peak State ------------ > --- POWER ------------ Ion Engine > --- PROPULSION ------- Light Treads Light Treads > --- UTILITY ---------- Medium Storage Unit Seismic Detector > --- WEAPON ----------- Autogun Autogun > --- INVENTORY -------- Light Ion Engine Aluminum Leg Aluminum Leg Small Storage Unit Medium Laser Medium Laser Small Laser Small Laser Light Assault Rifle Autogun [Rating: 10] Favorites ----------- Power Ion Engine Engine Ion Engine Propulsion Light Treads Treads Light Treads Utility Medium Storage Unit Device Seismic Detector Storage Medium Storage Unit Protection Light Armor Plating Weapon Autogun Energy Gun Medium Laser Ballistic Gun Autogun Slashing Weapon Mining Claw Build | -11 -10 -10 ------- Run | Scr Mat Min Slots Evolved . | . . . Power . | . . . Propulsion . | . . . Utility . | . . . Weapon . | . . . Parts Attached 28 | 6 19 3 Power 1 | 1 . . Engine 1 | 1 . . Core . | . . . Reactor . | . . . Propulsion 6 | 2 4 . Treads 6 | 2 4 . Leg . | . . . Wheel . | . . . Hover . | . . . Flight . | . . . Utility 6 | 2 4 . Device 2 | 1 1 . Storage 3 | 1 2 . Processor . | . . . Hackware . | . . . Protection 1 | . 1 . Artifact . | . . . Weapon 15 | 1 11 3 Energy Gun 1 | . 1 . Energy Cannon . | . . . Ballistic Gun 10 | 1 7 2 Ballistic Cannon . | . . . Launcher . | . . . Special Weapon . | . . . Impact Weapon . | . . . Slashing Weapon 4 | . 3 1 Piercing Weapon . | . . . Special Melee Weapon . | . . . Unidentified Prototypes . | . . . Parts Lost 8 | . 1 7 Power 1 | . . 1 Propulsion 2 | . . 2 Utility 2 | . 1 1 Weapon 3 | . . 3 Highest Loss Streak 7 | . 1 7 To Critical Strikes . | . . . Average Slot Usage (%) 98 | . 98 95 Engine 13 | . 14 12 Treads 27 | . 27 26 Device 6 | . 7 . Storage 14 | . 14 14 Protection 6 | . 5 12 Energy Gun 1 | . 1 . Ballistic Gun 24 | . 23 26 Slashing Weapon 2 | . 2 . Naked Turns . | . . . Heaviest Build 34 | 12 34 34 Greatest Support 40 | 40 40 40 Greatest Overweight (x) . | . . . Average Overweight (x) . | . . . Largest Inventory Capacity 15 | 8 15 15 Average Capacity 11 | 7 11 15 Most Carried 12 | 5 12 12 Average Carried 9 | 4 10 11 Final Capacity 15 | 8 15 15 Final Carried 12 | 5 12 11 Class Distribution -------------------- 100% | Mutant Dominant Class ---------------- Mutant | -10/Materials Mutant | -10/Mines Resources | -11 -10 -10 ----------- Run | Scr Mat Min Matter Collected 888 | 176 588 124 Remotely . | . . . Salvage Created 965 | 13 697 255 Parts 59 | 4 41 14 Haulers Intercepted 2 | . 2 . Recyclers Shooed 4 | . 3 1 Parts Field Recycled . | . . . Retrieved Matter . | . . . Parts Self-Destructed . | . . . Prevented . | . . . Kills | -11 -10 -10 ------- Run | Scr Mat Min Combat Hostiles Destroyed 15 | . 10 5 Guns 15 | . 10 5 Classes Destroyed 6 | 1 5 . Tunneler 1 | 1 . . Hauler 2 | . 2 . Recycler 5 | . 3 2 Operator 3 | . 3 . Swarmer 6 | . 3 3 Grunt 9 | . 7 2 Best Kill Streak 4 | 1 4 4 Combat Bots Only 4 | . 4 3 Max Kills in Single Turn 1 | 1 1 1 Gunslinging . | . . . Exploded . | . . . Melee . | . . . Uniques/NPCs Destroyed . | . . . Combat | -11 -10 -10 -------- Run | Scr Mat Min Damage Taken 1442 | . 463 979 Core 259 | . 91 168 Absorbed by Shields . | . . . Regen/Repaired (Parts) 137 | . 137 . Core Remaining (%) 100 | 100 . . Volleys Fired 68 | 2 45 21 Largest 2 | 1 2 2 Hottest 70 | 20 70 46 Shots Fired 134 | 2 90 42 Gun 134 | 2 90 42 Cannon . | . . . Launcher . | . . . Special . | . . . Kinetic 133 | 2 89 42 Thermal 1 | . 1 . Explosive . | . . . Electromagnetic . | . . . Robot Hit Streak 14 | 2 14 9 Robot Miss Streak 6 | . 6 3 Penetration Max . | . . . Secondary Targets 2 | . 1 1 Max Gunslinging Chain 1 | . 1 1 Shots Hit Robots 90 | 2 64 24 Core Hits 33 | 1 24 8 Critical Kills 1 | . 1 . Critical Parts Destroyed . | . . . Critical Strikes 1 | . 1 . Destroy 1 | . 1 . Melee Attacks 11 | . 11 . Impact . | . . . Slashing 11 | . 11 . Piercing . | . . . Sneak Attacks 5 | . 5 . Combat Hostiles . | . . . Follow-up Attacks . | . . . Damage Inflicted 1739 | 16 1323 400 Guns 1282 | 16 887 379 Cannons . | . . . Explosions . | . . . Melee 412 | . 412 . Ramming 45 | . 24 21 Kinetic 1269 | 16 874 379 Thermal 13 | . 13 . Explosive . | . . . Electromagnetic . | . . . Impact . | . . . Slashing 412 | . 412 . Piercing . | . . . Highest Corruption . | . . . Average Corruption . | . . . Corruption Purged . | . . . Corruption Blocked . | . . . Overload Shots . | . . . Overflow Damage 100 | . 100 . Projectiles . | . . . Explosions . | . . . Melee 100 | . 100 . Knockbacks . | . . . Impact . | . . . Kinetic . | . . . Secondary . | . . . Self-Inflicted Damage . | . . . Shots . | . . . Rammed 6 | . 5 1 Targets Rammed 8 | . 5 3 Kicked . | . . . Crushed 2 | . . 2 Highest Temperature 66 | . 49 66 Average Temperature 20 | . 19 23 Received Heat Transfer 252 | . 195 57 Siege Activations . | . . . Robots Corrupted . | . . . Combat Hostiles . | . . . Parts Fried . | . . . Impact Corruptions . | . . . Robots Melted . | . . . Combat Hostiles . | . . . Parts Melted . | . . . Heat Transferred 37 | . 37 . Parts Sabotaged . | . . . Parts Stolen . | . . . Parts Stripped . | . . . Power Chain Reactions . | . . . Missiles Intercepted . | . . . Alert | -11 -10 -10 ------- Run | Scr Mat Min Peak Influence 199 | 5 199 158 Initial 28 | . 3 28 Average 68 | 1 68 106 Maximum Alert Level . | . . . Low Security (%) 100 | 100 100 100 Level 1 . | . . . Level 2 . | . . . Level 3 . | . . . Level 4 . | . . . Level 5 . | . . . High Security . | . . . Max Security . | . . . Squads Dispatched 2 | . 2 . Investigation . | . . . Extermination . | . . . Reinforcement 2 | . 2 . Assault . | . . . Garrison . | . . . Intercept . | . . . Construction Impeded . | . . . Haulers Reinforced . | . . . Active Scanning Responses . | . . . Cargo Convoy Interrupts . | . . . Stealth | -11 -10 -10 --------- Run | Scr Mat Min Distress Signals 1 | . 1 . Communications Jammed . | . . . Distress Signals . | . . . Times Spotted 39 | . 28 11 Peak Tracking Total 6 | . 5 6 Tactical Retreats . | . . . Traps | -11 -10 -10 ------- Run | Scr Mat Min Traps Triggered . | . . . Indirectly . | . . . Trap Hack Attempts . | . . . Triggered . | . . . Disarmed . | . . . Reprogrammed . | . . . Reused . | . . . Traps Extracted . | . . . Installed . | . . . Triggered . | . . . Machines | -11 -10 -10 ---------- Run | Scr Mat Min Machines Disabled . | . . . Max in Single Turn . | . . . Machines Sabotaged . | . . . Garrisons Compromised . | . . . Overloaded Fab Kills . | . . . Hacking | -11 -10 -10 --------- Run | Scr Mat Min Machines Accessed 6 | . 6 . Terminals 5 | . 5 . Fabricators . | . . . Repair Stations 1 | . 1 . Recycling Units . | . . . Scanalyzers . | . . . Garrison Access . | . . . Total Hacks 26 | . 26 . Successful 15 | . 15 . Failed 11 | . 11 . Catastrophic 2 | . 2 . Database Lockouts . | . . . Manual 10 | . 10 . Terminals 19 | . 19 . Fabricators . | . . . Repair Stations 7 | . 7 . Recycling Units . | . . . Scanalyzers . | . . . Garrison Access . | . . . Terminal Hacks 7 | . 7 . Part Schematic 1 | . 1 . Robot Analysis 1 | . 1 . Prototype ID Bank 1 | . 1 . Recall Reinforcements 1 | . 1 . Hauler Manifests 2 | . 2 . Registered Components 1 | . 1 . Fabricator Hacks . | . . . Repair Station Hacks 6 | . 6 . Scan Component 3 | . 3 . Repair 3 | . 3 . Recycling Unit Hacks . | . . . Scanalyzer . | . . . Garrison Access Hacks . | . . . Unauthorized Hacks 2 | . 2 . Terminals 2 | . 2 . Botnet 2 | . 2 . Fabricators . | . . . Repair Stations . | . . . Recycling Units . | . . . Scanalyzers . | . . . Garrison Access . | . . . Data Cores Recovered 2 | . 2 . Used 2 | . 2 . Hacking Detections 6 | . 6 . Full Trace Events . | . . . Feedback Events . | . . . Feedback Blocked . | . . . Robot Schematics Acquired . | . . . Robots Built . | . . . Authchips . | . . . Time . | . . . Total Robot Build Rating . | . . . Part Schematics Acquired 1 | . 1 . Parts Built . | . . . Authchips . | . . . Time . | . . . Total Part Build Rating . | . . . Parts Repaired 3 | . 3 . Time 84 | . 84 . Parts Recycled . | . . . Recycled Matter . | . . . Retrieved Matter . | . . . Retrieved Components . | . . . Parts Scanalyzed . | . . . Part Schematics Acquired . | . . . Parts Damaged . | . . . Bothacking | -11 -10 -10 ------------ Run | Scr Mat Min Used RIF Installer . | . . . Robots Hacked . | . . . Non-combat . | . . . Combat . | . . . Robot Hacks Applied . | . . . Relay Couplers Released . | . . . Fabnet Peak Effective % . | . . . Robots Rewired . | . . . Allies Hacked . | . . . Hacks Repelled . | . . . Allies | -11 -10 -10 -------- Run | Scr Mat Min Total Allies . | . . . Largest Group . | . . . Highest-Rated Group . | . . . Highest-Rated Ally . | . . . Total Orders . | . . . Ally Attacks . | . . . Total Damage . | . . . Kills . | . . . Allies Corrupted . | . . . Allies Melted . | . . . Intel | -11 -10 -10 ------- Run | Scr Mat Min Robot Analysis Total 1 | . 1 . Derelict Logs Recovered 1 | . . 1 Drone Launches . | . . . Drone Recoveries . | . . . Exploration | -11 -10 -10 ------------- Run | Scr Mat Min Turns Passed 1919 | 138 1551 230 Spaces Moved 957 | 79 776 102 Core 4 | 4 . . Treads 953 | 75 776 102 Legs . | . . . Wheels . | . . . Hover . | . . . Flight . | . . . Fastest Speed 50 | 50 160 160 Average Speed 159 | 154 160 160 Slowest Speed 160 | 160 160 160 Overloaded Moves . | . . . Propulsion Burnouts . | . . . Robots Hopped . | . . . Cave-ins Triggered . | . . . Exploration Rate (%) 42 | 4 95 27 Regions Visited 2 Branch Regions 1 Pre-discovered Areas . | . . . Known Exits Taken . | . . . Unknown Exits Taken 2 | 1 1 . Scrap Searched . | . . . Spaces Dug 2 | . 2 . Terrain Destroyed 2 | . 2 . Melee 2 | . 2 . Projectile . | . . . AOE . | . . . Terrain Rammed . | . . . Walls Destroyed . | . . . Machines Disabled . | . . . Actions | -11 -10 -10 --------- Run | Scr Mat Min Total 1215 | 91 992 132 Wait 110 | . 107 3 Move 955 | 78 775 102 Hop . | . . . Pick Up 20 | 5 15 . Fast Attach 12 | 6 6 . Attach 2 | . 1 1 Detach 1 | . 1 . Swap 14 | . 12 2 Drop 14 | . 14 . Fire 68 | 2 45 21 Melee 11 | . 11 . Ram . | . . . Kick . | . . . Crush 8 | . 5 3 Escape Stasis . | . . . Rewire . | . . . Trap . | . . . Miscellaneous . | . . . Route ------- -11/Scrapyard -10/Materials (discovered 4 exits: [*Mat x3] / [*Min]) -10/Mines (discovered 1 exit: [*Exi]) History --------- Turn | Location | Event 2 | -11/Scrapyard | Discovered new exit (range 16) 139 | -11/Scrapyard | Entered Materials 309 | -10/Materials | Build established: Mutant 435 | -10/Materials | Discovered new exit (range 4) 739 | -10/Materials | Repaired Lgt. Treads 767 | -10/Materials | Repaired Lgt. Treads 800 | -10/Materials | Repaired Autogun 914 | -10/Materials | Discovered new exit (range 8) 1055 | -10/Materials | Discovered new exit (range 15) 1252 | -10/Materials | Discovered new exit (range 16) 1690 | -10/Materials | Entered Mines 1747 | -10/Mines | Deemed a non-threat by the Exiles lab entrance 1747 | -10/Mines | Discovered new exit (range 5) 1862 | -10/Mines | Assembled infested the area 1871 | -10/Mines | Learned location of 2 exits from Materials 1907 | -10/Mines | Core integrity fell below 50% 1917 | -10/Mines | Core integrity fell below 20% 1920 | -10/Mines | Destroyed by as-82063 with Assembled Heavy Rifle Last Messages --------------- 01906_ Lgt. Armor Plating destroyed. 01906_ Ion Engine destroyed. 01907_ U-05 Engineer lays Concrete. 01908_ The unstable cave ceiling collapses. 01908_ U-05 Engineer builds a Wall. 01911_ U-05 Engineer lays Concrete. 01912_ Autogun destroyed. 01912_ Lgt. Treads destroyed. 01912_ U-05 Engineer lays Concrete. 01913_ The unstable cave ceiling collapses. 01914_ Lgt. Treads destroyed. 01914_ U-05 Engineer lays Concrete. 01916_ The unstable cave ceiling collapses. 01916_ U-05 Engineer lays Concrete. 01917_ Destroyed Shock Absorption System. 01918_ The unstable cave ceiling collapses. 01918_ Autogun destroyed. 01918_ as-42355 destroyed. 01919_ U-05 Engineer lays Concrete. 01920_ The unstable cave ceiling collapses. Map ----- +----------------------------------------------------+ | ?????????????????????????????????????????????????? | | ?????????????????????????????????????????????????? | | ?????????????????????????????????????????????????? | | ?????????????????????????????????????????????????? | | ?????????????????????????????????????????????????? | | ?????????????????????????????????????????????????? | | ?????????????????????????????????????????????????? | | ?????????????????????????????????????????????????? | | ?????????????????????????????????????????????????? | | ?????????????????????????????????????????????????? | | ?????????????????????????????????????????????????? | | ?????????????????????????????????????????????????? | | ?????????????????????????????????????????????????? | | ?????????????????????????????????????????????????? | | ?????????????????????????????????????????????????? | | ?????????????????????????????????????????????????? | | ?????????????????????????????????????????????????? | | ?????????????????????????????????????????????????? | | ?????????????????????????????#???????????????????? | | ???????????????????????????? #???????????????????? | | ???????????????????######### ##?#????????????????? | | ???????????????????? ## #####????????????? | | ????????????????????## a a ###??????????? | | ????????????????????# #??# ???????????? | | ????????????????????# #### #???#????????? | | ????????????????????# @ ## #?? #????????? | | ????????????????????# # #?# ######## ? | | ????????????????????# d ## | | ????????????????????## # ## d | | ?????????????????????## #### % #??????? | | ??????????????????????#######??## "" u #??????? | | ??????????????? #???????????????## " ###??????? | | ?????????????"" #??????????????## """ ##????????? | | ??????????? ?????????????## #?????????? | | ??????????? ????????????# #?????????? | | ???????????? ????????????# ##?????????? | | ????????????? #???????????## ##??????????? | | ?????????????? #???????????## ##??????????? | | ???????????????# #####???????## ##?????????? | | ???????????????# ##???????# ##????????? | | ???????????????# #???????# #????????? | | ???????????????# #???????## #????????? | | ????????????????# #?????????##* ##????????? | | ??????????????????# #???????????#%##?????????? | | ???????????????????# #????????????#[#??????????? | | ????????????########## #????????????#=#??### #??? | | ????????????# # #????######### # #??? | | ????????????# =* # #????# =* #??? | | ????????????# = # ###### == #??? | | ????????????# % %= % ###### #??? | +----------------------------------------------------+ Best States ------------- Heat Dissipation 35 Energy Generation 10 Energy Capacity 250 Matter Stores 300 Matter Capacity 300 Sight Range 16 Terrain Scan Density 10 Armor Coverage 150 Evasion (%) 40 Recoil Reduction 2 Item Schematics ----------------- Cargo Storage Unit | -10/Materials | Hacked Robot Schematics ------------------ None Fabricated ------------ Nothing Alien Tech Used ----------------- None Achievements -------------- None Challenges ------------ None Game ------ Seed AccelerationSniperCutter Manual? 0 Play Time 00:12:40 Cumulative 328.6 hours Start 2022.02.07 @ 11:37:05 End 2022.02.07 @ 11:48:44 Sessions 1 Manual Loads 0 Difficulty Rogue Special Mode None Game No. 136 Rogue 136 Adventurer 0 Explorer 0 Win Type - Total 6 Types 1/2/1/0/0/2/0/0/0 Lore% 59 Gallery% 62 Achievement% 59 Wizard Run 0 Options --------- ASCII 0 Keyboard 1 Movement Vi Keybinds 0 Fullscreen 2 Font 12/Smallcaps Map View 60x54 Tactical HUD 1 Map Filters NONE Filters NONE Steam 1 RUN: afecea3d-0d31-45db-96ab-9305ff8aef07